 Dungeon Crawl Stone Soup version 0.30-a0-374-g95c0257040 (webtiles) character file.

Game seed: 7016869635161932403

22123 MTVSty1e the Impaler (level 12, -2/118 HPs)
             Began as a Minotaur Fighter on Nov 26, 2022.
             Was a High Priest of Okawaru.
             Slain by a death yak (11 damage)
             ... on level 5 of the Lair of Beasts.
             The game lasted 00:14:20 (13594 turns).

MTVSty1e the Impaler (Minotaur Fighter)            Turns: 13594, Time: 00:14:21

Health: -2/118     AC: 15    Str: 27    XL:     12   Next: 60%
Magic:  11/11      EV:  6    Int:  9    God:    Okawaru [*****.]
Gold:   582        SH: 11    Dex: 15    Spells: 11/11 levels left

rFire   + . .      SeeInvis .    r - +11 spear "Dolici" {vorpal, rPois rF+ Int+4}
rCold   . . .      Faith    .    c - +1 buckler
rNeg    . . .      Spirit   .    g - +0 plate armour
rPois   +          Reflect  +    (helmet restricted)
rElec   .          Harm     .    F - scarf {shadows}
rCorr   .          Rampage  .    (no gloves)
Will    .....                    (no boots)
Stlth   ..........               n - amulet of reflection
HPRegen 0.39/turn                a - +6 ring of dexterity
MPRegen 0.12/turn                B - +4 ring of protection

@: no status effects
A: horns 2, retaliatory headbutt
a: Renounce Religion, Heroism, Finesse, Duel


You were on level 5 of the Lair of Beasts.
You worshipped Okawaru.
Okawaru was extremely pleased with you.
You visited 3 branches of the dungeon, and saw 14 of its levels.
You also visited: Sewer.

You collected 792 gold pieces.
You spent 210 gold pieces at shops.

Inventory:

Hand Weapons
 r - the +11 spear "Dolici" (weapon) {vorpal, rPois rF+ Int+4}
   (You found it on level 2 of the Dungeon)

   It inflicts extra damage upon your enemies.
   Int:       It affects your intelligence (+4).
   rF:        It protects you from fire.
   rPois:     It protects you from poison.
Missiles
 h - 3 throwing nets (quivered)
Armour
 c - a +1 buckler (worn)
 g - a +0 plate armour (worn)
 F - a scarf of shadows (worn)
Jewellery
 a - a +6 ring of dexterity (left hand)
 n - an amulet of reflection (around neck)
 w - an amulet of the acrobat
 B - a +4 ring of protection (right hand)
 C - a ring of fire
 D - a +6 ring of intelligence
 G - a ring of wizardry
Wands
 b - a wand of digging (3)
 e - a wand of paralysis (2)
 l - a wand of iceblast (21)
 s - a wand of flame (28)
 y - a wand of polymorph (6)
Scrolls
 k - 6 scrolls of teleportation
 t - 2 scrolls of poison
 z - 2 scrolls of enchant armour
Potions
 d - 3 potions of might
 f - 4 potions of brilliance
 i - 6 potions of berserk rage
 j - 10 potions of curing
 m - 3 potions of flight
 o - 6 potions of heal wounds
 p - 3 potions of mutation
 q - a potion of attraction
 u - 2 potions of lignification
 v - a potion of resistance
 x - a potion of invisibility


   Skills:
 * Level 14.9 Fighting
 - Level 3.8(13.4) Axes
 * Level 19.7(19.8) Polearms
 + Level 3.8 Armour
 + Level 3.9 Shields
 + Level 0.7 Invocations


You had 11 spell levels left.
You didn't know any spells.
Your spell library contained the following spells:

 Spells                   Type           Power      Damage    Failure   Level
 Sandblast                Erth           0%         2d4       100%        1
 Slow                     Hex            0%         N/A       100%        1
 Passwall                 Tmut/Erth      0%         N/A       100%        2
 Static Discharge         Conj/Air       0%         2-2/arc   100%        2
 Confusing Touch          Hex            0%         N/A       100%        3
 Frozen Ramparts          Ice            0%         1d1       100%        3
 Stone Arrow              Conj/Erth      0%         3d7       100%        3
 Vampiric Draining        Necr           0%         2d6       100%        3
 Vhi's Electric Charge    Tloc/Air       0%         N/A       100%        3
 Airstrike                Air            0%         2d(0-16)  100%        4
 Anguish                  Hex/Necr       0%         N/A       100%        4
 Ice Form                 Ice/Tmut       0%         N/A       100%        4
 Arcjolt                  Conj/Air       0%         1d10      100%        5
 Lightning Bolt           Conj/Air       0%         1d11      100%        5
 Enfeeble                 Hex            0%         N/A       100%        7
 Summon Ice Beast         Ice/Summ       Unusable   N/A       N/A         4
 Summon Lightning Spire   Summ/Air       Unusable   N/A       N/A         4

Dungeon Overview and Level Annotations

Branches:
Dungeon (8/15)             Temple (1/1) D:5            Lair (5/5) D:8
 Shoals (0/4) Lair:3       Spider (0/4) Lair:3        Slime (0/5) Lair:4
  Sewer (visited)

Altars:
Ashenzari
Cheibriados
Dithmenos
Elyvilon
Fedhas
Gozag
Hepliaklqana
Makhleb
Nemelex Xobeh
Okawaru
Qazlal
Ru
Sif Muna
Trog
Uskayaw
Vehumet
Wu Jian
Xom
Yredelemnul
Zin
The Shining One

Shops:
D:4 (:!   D:7 (

Annotations:
D:8 Amaemon


Innate Abilities, Weirdness & Mutations

You have a pair of horns on your head.
You reflexively headbutt those who attack you in melee.


Message History

You headbutt the death yak, but do no damage.
The death yak is severely wounded.
You block the death yak's attack. The death yak gores you! x2
You puncture the death yak!
The death yak is almost dead.
The cane toad stings you!
You are too injured to fight recklessly!
You are too injured to fight recklessly!
You are too injured to fight recklessly!
You are too injured to fight recklessly!
You are too injured to fight recklessly!
You are too injured to fight recklessly!
You are too injured to fight recklessly!
You are too injured to fight recklessly!
You are too injured to fight recklessly!
You are too injured to fight recklessly!
You are too injured to fight recklessly!
You are too injured to fight recklessly!
You are too injured to fight recklessly!
You are too injured to fight recklessly!
Unknown command.
Okay, then.
Aiming: Duel (87% risk of failure)
Press: ? - help, Dir - move target, f - death yak
Aim: a death yak (moderately wounded)
You fail to use your ability.
You block the death yak's attack. The death yak closely misses you.
The death yak gores you! You block the cane toad's attack.
Okay, then.
You fail to use your ability.
The death yak gores you!!
* * * LOW HITPOINT WARNING * * *
The death yak barely misses you. The death yak gores you!!
* * * LOW HITPOINT WARNING * * *
You block the cane toad's attack.
A water moccasin comes into view.
The water moccasin hisses angrily.
You hit the cane toad but do no damage. You headbutt the cane toad!
The cane toad is moderately wounded.
You block the death yak's attack. The death yak gores you!
You die...

#....../
.......#
#......#
#......#
#......#
##F.....#
#P@Y....#
##YY.....
#.......
........
.....(..
.........
........S


You could see 3 death yaks, a cane toad and a water moccasin.

Vanquished Creatures
  Harold (Lair:1)
  A hydra (Lair:4)
  2 catoblepae
  4 death yaks
  A boulder beetle (Lair:1)
  Sonja (Lair:1)
  A lindwurm (Lair:3)
  An oklob plant (Lair:3)
  A merfolk siren (Lair:3)
  Joseph (D:7)
  2 torpor snails
  An orange demon (D:8)
  5 cane toads
  2 rime drakes
  A polar bear (Lair:2)
  6 komodo dragons
  A hornet (D:8)
  2 wyverns (Lair:4)
  Eustachio (D:5)
  6 basilisks
  22 yaks
  A vampire mosquito (Lair:5)
  A steam dragon (D:8)
  3 redbacks (Lair:3)
  10 water moccasins
  2 orc warriors (D:8)
  2 ice beasts (D:6)
  An ogre (D:5)
  4 wolves (Lair:3)
  2 centaurs (D:8)
  A phantom (D:6)
  3 kobold brigands
  Blork the orc (D:4)
  12 bullfrogs
  A gnoll sergeant (D:6)
  2 necrophages
  2 scorpions
  8 wights (D:8)
  7 electric eels
  5 howler monkeys
  5 hounds
  A gnoll bouda (D:8)
  4 orc priests
  Jessica (D:3)
  An iguana (D:7)
  6 orc wizards
  Robin (D:4)
  12 gnolls
  9 adders
  A shadow imp (D:5)
  An ufetubus (D:4)
  3 worms
  2 dart slugs
  33 orcs
  7 endoplasms
  5 giant cockroaches
  3 hobgoblins
  4 jackals (D:4)
  22 kobolds
  6 quokkas
  6 ball pythons
  3 bats
  2 frilled lizards
  15 goblins
  9 rats
  A bush (Lair:3)
294 creatures vanquished.

Vanquished Creatures (others)
  A fungus (Lair:3)
  14 plants
15 creatures vanquished.

Grand Total: 309 creatures vanquished

Notes
Turn   | Place    | Note
-------+----------+-------------------------------------------
     0 | D:1      | MTVSty1e the Minotaur Fighter began the quest for the Orb.
     0 | D:1      | Reached XP level 1. HP: 19/19 MP: 0/0
   176 | D:1      | Reached XP level 2. HP: 7/27 MP: 1/1
  1039 | D:2      | Found a faded altar of an unknown god.
  1081 | D:2      | Reached XP level 3. HP: 28/33 MP: 2/2
  1152 | D:2      | Identified the +11 spear "Dolici" {vorpal, rPois rF+ Int+4}
  1364 | D:2      | Reached skill level 1 in Polearms
  1445 | D:2      | Reached skill level 2 in Polearms
  1445 | D:2      | Reached XP level 4. HP: 41/41 MP: 3/3
  1688 | D:2      | Found a bloodstained altar of Trog.
  1941 | D:3      | Reached skill level 3 in Polearms
  2017 | D:3      | Noticed Jessica
  2023 | D:3      | Killed Jessica
  2024 | D:3      | Reached skill level 5 in Fighting
  2024 | D:3      | Reached XP level 5. HP: 48/48 MP: 4/4
  2216 | D:3      | Found an ornate altar of the Wu Jian Council.
  2311 | D:4      | Noticed Blork the orc
  2317 | D:4      | Killed Blork the orc
  2318 | D:4      | Reached skill level 4 in Polearms
  2402 | D:4      | Reached XP level 6. HP: 56/56 MP: 5/5
  2404 | D:4      | Reached skill level 5 in Polearms
  2453 | D:4      | Found Coub's Distillery.
  2464 | D:4      | Found Bagahoso's Book Shop.
  2730 | D:4      | Noticed Robin
  2739 | D:4      | Killed Robin
  2794 | D:4      | Found Qonox's Weapon Shop.
  3114 | D:5      | Entered Level 5 of the Dungeon
  3137 | D:5      | Reached skill level 6 in Polearms
  3424 | D:5      | Reached XP level 7. HP: 63/63 MP: 6/6
  3588 | D:5      | Reached skill level 7 in Polearms
  3687 | D:5      | Noticed Eustachio
  3699 | D:5      | Killed Eustachio
  3895 | D:5      | Found a staircase to the Ecumenical Temple.
  4022 | Temple   | Entered the Ecumenical Temple
  4061 | Temple   | Became a worshipper of Warmaster Okawaru
  4508 | D:6      | Reached skill level 8 in Polearms
  4519 | D:6      | Reached XP level 8. HP: 51/73 MP: 7/7
  4635 | D:6      | Reached skill level 9 in Polearms
  4680 | D:6      | Reached * piety under Okawaru
  4716 | D:6      | Found a glowing drain.
  4735 | Sewer    | Entered a sewer
  5167 | D:4      | Bought 2 potions of heal wounds for 140 gold pieces
  5167 | D:4      | Bought a potion of heal wounds for 70 gold pieces
  5352 | D:6      | Reached skill level 10 in Polearms
  5643 | D:6      | Found a white marble altar of Elyvilon.
  5821 | D:7      | Found a glowing silver altar of Zin.
  5843 | D:7      | Noticed Joseph
  5851 | D:7      | Killed Joseph
  5851 | D:7      | Reached ** piety under Okawaru
  5852 | D:7      | Reached skill level 11 in Polearms
  5852 | D:7      | Reached XP level 9. HP: 69/83 MP: 8/8
  6380 | D:7      | Found Daonunae's Antique Weapon Emporium.
  6632 | D:8      | Noticed Amaemon
  6632 | D:8      | Noticed an orange demon
  6632 | D:8      | Found a staircase to the Lair.
  6737 | D:8      | Reached skill level 12 in Polearms
  7003 | D:8      | Killed an orange demon
  7003 | D:8      | Reached *** piety under Okawaru
  7004 | D:8      | Reached skill level 10 in Fighting
  7256 | D:8      | Reached skill level 13 in Polearms
  7299 | D:8      | Found a hide-covered altar of Uskayaw.
  7302 | D:8      | Found a glowing golden altar of the Shining One.
  7502 | D:8      | Reached **** piety under Okawaru
  7860 | D:8      | Reached XP level 10. HP: 90/94 MP: 9/9
  8199 | Lair:1   | Entered Level 1 of the Lair of Beasts
  8290 | Lair:1   | Reached skill level 14 in Polearms
  8369 | Lair:1   | Noticed a torpor snail
  8374 | Lair:1   | Reached ***** piety under Okawaru
  8384 | Lair:1   | Killed a torpor snail
  8623 | Lair:1   | Noticed Sonja
  8632 | Lair:1   | Reached skill level 15 in Polearms
  8634 | Lair:1   | Killed Sonja
  8634 | Lair:1   | Received a gift from Okawaru
  8671 | Lair:1   | Noticed Harold
  8680 | Lair:1   | Killed Harold
  8825 | Lair:1   | Noticed a cane toad
  8829 | Lair:1   | Killed a cane toad
  8831 | Lair:1   | Noticed a boulder beetle
  8856 | Lair:1   | Killed a boulder beetle
  8857 | Lair:1   | Reached skill level 16 in Polearms
  8857 | Lair:1   | Reached XP level 11. HP: 34/105 MP: 7/10
  9662 | Lair:2   | Identified the +1 chain mail of Indecent Exposure {rC+
                  | rCorr Str+8 Stlth-} (Okawaru gifted it to you on level 2 of
                  | the Lair of Beasts)
  9662 | Lair:2   | Received a gift from Okawaru
  9910 | Lair:2   | Reached skill level 17 in Polearms
 10836 | Lair:3   | Identified the +0 leather armour of Grim Happiness {rF+}
 10923 | Lair:3   | Found a hole to the Spider Nest.
 10928 | Lair:3   | Reached skill level 18 in Polearms
 11038 | Lair:3   | Noticed a lindwurm
 11048 | Lair:3   | Killed a lindwurm
 11187 | Lair:3   | Found a staircase to the Shoals.
 11198 | Lair:3   | Reached XP level 12. HP: 116/116 MP: 11/11
 12009 | Lair:4   | Noticed an eight-headed hydra
 12018 | Lair:4   | Killed an eight-headed hydra
 12034 | Lair:4   | Noticed a catoblepas
 12062 | Lair:4   | Killed a catoblepas
 12076 | Lair:4   | Reached ****** piety under Okawaru
 12388 | Lair:4   | Received a gift from Okawaru
 12389 | Lair:4   | Reached skill level 19 in Polearms
 12759 | Lair:4   | Noticed a death yak
 12771 | Lair:4   | Killed a death yak
 13182 | Lair:4   | Found a staircase to the Slime Pits.
 13283 | Lair:5   | Entered Level 5 of the Lair of Beasts
 13283 | Lair:5   | Noticed a death yak
 13283 | Lair:5   | Noticed a death yak
 13283 | Lair:5   | Noticed a death yak
 13292 | Lair:5   | Killed a death yak
 13303 | Lair:5   | Killed a death yak
 13316 | Lair:5   | Killed a death yak
 13519 | Lair:5   | Noticed a catoblepas
 13530 | Lair:5   | Killed a catoblepas
 13583 | Lair:5   | Noticed a death yak
 13583 | Lair:5   | Noticed a death yak
 13583 | Lair:5   | Noticed a death yak
 13594 | Lair:5   | Slain by a death yak

Illustrated notes

Levels and vault maps discovered:
D:1:      heliophobic_arrival_dark_side_of_the_moon, layout_basic
D:2:      layout_loops_ring, basic_altar, chequers_ecumenical_altar_island,
          solitary_fountain
D:3:      layout_rooms, nzn_wu_jian_contemplation, bh_walls_and_bars,
          uniq_jessica
D:4:      layout_basic, serial_shops, nicolae_shop_competitors_out_of_business,
          nicolae_stop_n_shop_2, nicolae_take_the_stairs, uniq_blork_the_orc,
          uniq_robin
D:5:      layout_basic, temple_hall, uniq_eustachio
D:6:      layout_cave_pools, marbit_many_paths, portal_sewer_entry_f,
          chequers_mini_garden
D:7:      layout_basic, mainiacjoe_overflow_surrounded_room, serial_shops,
          nicolae_shop_overgrown_old_shop, grunt_decor_mini_mirrors, uniq_joseph
D:8:      nicolae_cairo_tiling_large, layout_rooms,
          mainiacjoe_overflow_big_doors, serial_bayou, serial_bayou_pond_b,
          serial_bayou_pond_d, serial_bayou_pond_a, serial_bayou_shore_b,
          serial_bayou_lake_a, minmay_increasing_density, uniq_amaemon
Temple:   nicolae_temple_x_marks_the_god
Lair:1:   layout_regular_city, infiniplex_staircase_pool_2, grunt_megastairs_2,
          uniq_sonja, uniq_harold
Lair:2:   layout_regular_city, serial_bayou_shore_a
Lair:3:   layout_long_grid, minmay_shoals_entry_lonely_mermaid,
          spider_nest_entry_a, minmay_lair_oklob_items
Lair:4:   layout_misc_corridors, dpeg_slime_entry_enclosed,
          eino_small_chamber_without_monster, kennysheep_basilisk_garden
Lair:5:   minmay_lair_end_frog_pond, layout_hall_layers,
          chequers_serial_rivers_large_a, chequers_serial_rivers_room_b,
          nicolae_quartered_pool_little

Skill      XL: |  1  2  3  4  5  6  7  8  9 10 11 12 |
---------------+-------------------------------------+-----
Axes           | 3 |  3.8
Fighting       | 4 5 6 7 9 10 12 13 14 | 14.9
Polearms       | 2 3 4 6 8 11 13 16 18 19 | 19.7
Armour         | |  3.8
Shields        | |  3.9
Invocations    | |  0.7

Action                   |  1- 3 |  4- 6 |  7- 9 | 10-12 || total
-------------------------+-------+-------+-------+-------++-------
Melee: War axe           |    29 |       |       |       ||    29
       Headbutt          |     7 |     4 |    28 |   111 ||   150
       Spear             |    13 |   114 |   292 |   445 ||   864
Invok: Heroism           |       |       |       |     4 ||     4
Evoke: Wand              |       |       |       |     9 ||     9
  Use: Scroll            |     7 |     5 |     8 |     9 ||    29
       Potion            |       |       |       |     3 ||     3
 Stab: Paralysed         |       |       |       |     1 ||     1
       Petrified         |       |       |       |     3 ||     3
Armor: Scale mail        |    12 |     1 |       |       ||    13
       Plate armour      |       |    19 |    47 |    83 ||   149
Dodge: Dodged            |    14 |     8 |    25 |    42 ||    89
Block: Buckler           |     6 |    29 |    55 |   105 ||   195
       Reflection        |       |     4 |     5 |     1 ||    10

Table legend: (Time is in decaauts)
 A = Elapsed time spent in this place.
 B = Non-inter-level travel time spent in this place.
 C = Inter-level travel time spent in this place.
 D = Time resting spent in this place.
 E = Time spent auto-exploring this place.
 F = Levels seen in this place.
 G = Mean time per level.
                   A        B        C        D        E       F      G
               +--------+--------+--------+--------+--------+-----+--------+
         Total |  13430 |  12809 |    621 |   2522 |   8786 |  15 |  895.3 |
       Dungeon |   7755 |   7269 |    486 |    764 |   5626 |   8 |  969.4 |
        Temple |     74 |     59 |     15 |      0 |     52 |   1 |   74.0 |
          Lair |   5232 |   5113 |    119 |   1758 |   2831 |   5 | 1046.4 |
         Sewer |    368 |    368 |      0 |      0 |    277 |   1 |  368.0 |
               +--------+--------+--------+--------+--------+-----+--------+

Top non-repeatable levels by time:
     D:8: 1487 daAuts
     D:5: 1430 daAuts
  Lair:4: 1393 daAuts
  Lair:1: 1284 daAuts
  Lair:2: 1263 daAuts
  Lair:3: 1147 daAuts
     D:1: 1015 daAuts
     D:7: 1004 daAuts
     D:4: 801 daAuts
     D:2: 754 daAuts
     D:6: 710 daAuts
     D:3: 551 daAuts
   Sewer: 368 daAuts
  Lair:5: 143 daAuts
  Temple: 74 daAuts
